 Dungeon Crawl Stone Soup version 0.28-a0-1236-gb25a51b929 (webtiles) character file.

Game seed: 4728728789938702862

179 croobank the Sneak (level 5, 0/28 HPs)
             Began as a Kobold Air Elementalist on Dec 25, 2021.
             Slain by a lemure (5 damage)
             ... led by Pikel
             ... on level 2 of the Dungeon.
             The game lasted 00:25:59 (6104 turns).

croobank the Sneak (Kobold Air Elementalist)        Turns: 6104, Time: 00:26:03

Health: 0/28       AC:  7    Str:  7    XL:     5   Next: 90%
Magic:  6/9        EV: 15    Int: 17    God:
Gold:   130        SH:  0    Dex: 15    Spells: 0/10 levels left

rFire   + . .      SeeInvis .   a - +0 hand axe (pain)
rCold   x . .      Faith    .   (shield restricted)
rNeg    . . .      Spirit   .   j - +0 robe
rPois   .          Reflect  .   f - +2 hat
rElec   .          Harm     .   h - +2 cloak
rCorr   +          Rampage  .   (no gloves)
Will    .....                   (no boots)
Stlth   ++++......              (no amulet)
HPRegen 0.09/turn               v - ring of resist corrosion
MPRegen 0.11/turn               w - ring of fire

@: no status effects
A: small, no large weapons, nightstalker 3
a: no special abilities


You were on level 2 of the Dungeon.
You visited 1 branch of the dungeon, and saw 4 of its levels.
You also visited: Sewer.

You collected 178 gold pieces.
You spent 48 gold pieces at shops.

Inventory:

Hand Weapons
 a - a +0 hand axe of pain (weapon)
 b - a +0 club
 c - a +0 whip
 r - a +0 mace
 t - a +0 trident
 y - a +0 short sword
Missiles
 g - 114 stones
 l - 22 sling bullets
 p - 20 bolts
 q - 12 poisoned darts
Armour
 d - a +0 chain mail
 e - a +0 scale mail
 f - a +2 hat (worn)
 h - a +2 cloak (worn)
 j - a +0 robe (worn)
 m - a +0 leather armour
Jewellery
 v - a ring of resist corrosion (left hand)
 w - a ring of fire (right hand)
Scrolls
 u - a scroll of amnesia {unknown}
 x - a scroll of noise {unknown}
 z - a scroll of enchant armour
Potions
 n - a potion of resistance {unknown}
 o - 3 potions of curing
 s - 2 potions of brilliance {unknown}


   Skills:
 + Level 3.7 Dodging
 + Level 4.2 Stealth
 + Level 3.2 Spellcasting
 + Level 2.3 Conjurations
 + Level 3.8 Air Magic


You couldn't memorise any spells.
You knew the following spells:

 Your Spells              Type           Power      Damage    Failure   Level
a - Shock                 Conj/Air       52%        1d6       4%          1
b - Static Discharge      Conj/Air       13%        N/A       8%          2
c - Swiftness             Air            15%        N/A       11%         3
d - Airstrike             Air            7%         N/A       34%         4

Your spell library contained the following spells:

 Spells                   Type           Power      Damage    Failure   Level


Dungeon Overview and Level Annotations

Branches:
Dungeon (4/15)              Sewer (visited)
 Temple: D:4-7

Altars:

Shops:
D:2 *

Annotations:
D:3 Pikel
D:4 Pargi


Innate Abilities, Weirdness & Mutations

You are small and have problems with some larger weapons.
You are completely attuned to the shadows.


Message History

Pikel burns you.
* * * LOW HITPOINT WARNING * * *
The lemure barely misses you. The lemure hits you but does no damage.
Pikel says, "You'll feel the lick of my whip!"
Pikel misses you.
Casting: Static Discharge (safe; 8% risk of failure)
Confirm with . or Enter, or press ? or * to list all spells.
The lemure is struck by an arc of lightning!
The lemure is heavily wounded.
The lemure is struck by an arc of lightning.
The lemure is heavily wounded.
The lightning grounds out.
The lemure closely misses you. The lemure completely misses you.
Pikel closely misses you. The lemure misses you. The lemure barely misses you.
You closely miss Pikel.
Pikel is severely wounded.
You slash the lemure! x2; The lemure hits you.
* * * LOW HITPOINT WARNING * * *
The lemure barely misses you.
Pikel hits you with a +0 whip of flaming.
* * * LOW HITPOINT WARNING * * *
The lemure barely misses you.
Pikel says, "You'll feel the lick of my whip!"
The lemure closely misses you.
You feel a little less mighty now. The lemure misses you.
There is a stone staircase leading up here.
The lemure hits you.
* * * LOW HITPOINT WARNING * * *
You climb upwards.
There is a stone staircase leading down here.
Casting: Static Discharge (safe; 8% risk of failure)
Confirm with . or Enter, or press ? or * to list all spells.
Aiming: Shock (safe; 4% risk of failure)
Press: ? - help, Shift-Dir - straight line, f - lemure
Aim: a lemure (severely wounded, 60% to hit)
The zap hits the lemure.
The lemure is severely wounded.
The lemure hits you.
You die...

#...##.### ######## #.###....#
####......# #.#....#.#
..##......#######......#.#
..'.................#..#.######
..##.......##......##.........#
..##.......##.##.......#.####.#
...###'###.##.##..####.#.####.#
...+............@......###....#
...###...#####..5..#######.######
...##....# #.#<.......<#.#....#
...###...# #......######.#.#.##
...#.....# #...##.# ###.....#
...#.#.#.## ##......# #...#.###
...#.#.#..# #....#### #.#.#.#
...#.#.##.# #....# #.#...#
.....#.##.###....# ###.#####


You could see a lemure.

Vanquished Creatures
  An orc priest (D:2)
  4 adders
  An adder skeleton (D:4)
  4 worms
  7 orcs
  9 ball pythons
  2 bats
  11 endoplasms
  2 giant cockroaches (D:1)
  5 hobgoblins
  6 jackals
  10 kobolds
  4 quokkas
  2 frilled lizards
  9 goblins
  10 rats
87 creatures vanquished.

Notes
Turn   | Place    | Note
-------+----------+-------------------------------------------
     0 | D:1      | croobank the Kobold Air Elementalist began the quest for
                  | the Orb.
     0 | D:1      | Reached XP level 1. HP: 10/10 MP: 3/3
   297 | D:1      | Reached XP level 2. HP: 11/15 MP: 0/5
   403 | D:1      | Reached skill level 3 in Stealth
   764 | D:1      | Reached XP level 3. HP: 19/19 MP: 2/6
   818 | D:1      | Learned a level 2 spell: Static Discharge
   822 | D:1      | Learned a level 3 spell: Swiftness
  1314 | D:1      | Found a faded altar of an unknown god.
  1718 | D:2      | Reached XP level 4. HP: 7/24 MP: 0/8
  2776 | D:2      | Found Dogiez's Assorted Antiques.
  2789 | D:2      | Bought a scroll labelled MOC MORHOTIDA for 24 gold pieces
  2789 | D:2      | Bought a scroll labelled LEMYET ELOCI for 24 gold pieces
  3298 | D:2      | Reached XP level 5. HP: 28/28 MP: 7/9
  3561 | D:2      | You fall into a shaft and drop 1 floor!
  4111 | D:3      | Reached skill level 4 in Stealth
  4502 | D:3      | Learned a level 4 spell: Airstrike
  5347 | D:4      | Noticed a lemure
  5411 | D:4      | Noticed Pikel
  5414 | D:4      | Noticed a lemure
  5415 | D:4      | Noticed a lemure
  5415 | D:4      | Noticed a lemure
  5444 | D:4      | Found a glowing drain.
  5450 | Sewer    | Entered a sewer
  5703 | Sewer    | Noticed Pargi
  6104 | D:2      | Slain by a lemure

Illustrated notes

Levels and vault maps discovered:
D:1:      wander_arrival_chamber, layout_rooms,
          hellmonk_ecumenical_altar_pennies_from_heaven
D:2:      cheibrodos_pilgrimage, layout_basic, serial_shops,
          nicolae_diamond_shop
D:3:      layout_basic, small_statue_intersection
D:4:      layout_rooms, cheibrodos_sewer_entry_drain, uniq_pikel, uniq_natasha,
          uniq_robin

Skill      XL: |  1  2  3  4  5 |
---------------+----------------+-----
Stealth        | 3 4 |  4.2
Dodging        | 3 |  3.7
Conjurations   | 2 |  2.3
Spellcasting   | 3 |  3.2
Air Magic      | |  3.8

Action                   |  1- 3 |  4- 6 || total
-------------------------+-------+-------++-------
Melee: Club              |    14 |       ||    14
       Short sword       |    13 |    35 ||    48
       Hand axe          |       |    61 ||    61
 Cast: Shock             |    71 |   141 ||   212
       Static Discharge  |       |    11 ||    11
       Swiftness         |       |     5 ||     5
  Use: Scroll            |     1 |     7 ||     8
       Potion            |       |     1 ||     1
Armor: Robe              |     5 |    52 ||    57
Dodge: Dodged            |    31 |   143 ||   174

Table legend: (Time is in decaauts)
 A = Elapsed time spent in this place.
 B = Non-inter-level travel time spent in this place.
 C = Inter-level travel time spent in this place.
 D = Time resting spent in this place.
 E = Time spent auto-exploring this place.
 F = Levels seen in this place.
 G = Mean time per level.
                   A        B        C        D        E       F      G
               +--------+--------+--------+--------+--------+-----+--------+
         Total |   6140 |   6019 |    121 |   2878 |   2092 |   5 | 1228.0 |
       Dungeon |   5856 |   5735 |    121 |   2649 |   2092 |   4 | 1464.0 |
         Sewer |    283 |    283 |      0 |    229 |      0 |   1 |  283.0 |
               +--------+--------+--------+--------+--------+-----+--------+

Top non-repeatable levels by time:
     D:2: 2488 daAuts
     D:1: 1505 daAuts
     D:3: 1395 daAuts
     D:4: 467 daAuts
   Sewer: 283 daAuts
